 Dungeon Crawl Stone Soup version 0.31-a0-263-ge8cad7f256 (webtiles) character file.

Game seed: 6642500439017730205

3801 qw the Skirmisher (level 9, -6/81 HPs)
             Began as a Minotaur Hexslinger on July 13, 2023.
             Was an Initiate of Okawaru.
             Mangled by a death yak (16 damage)
             ... on level 8 of the Dungeon.
             The game lasted 00:03:01 (7505 turns).

qw the Skirmisher (Minotaur Hexslinger)             Turns: 7505, Time: 00:03:01

Health: -6/81      AC:  9    Str: 13    XL:     9   Next: 96%
Magic:  9/9        EV: 15    Int: 10    God:    Okawaru [......]
Gold:   267        SH:  0    Dex: 18    Spells: 9/10 levels left

rFire   . . .        a - +2 arbalest (heavy)
rCold   . . .        (shield currently unavailable)
rNeg    + + .        k - +4 robe of the Furies {+Inv rN+ Str-5 Slay+2}
rPois   .            (helmet restricted)
rElec   .            (no cloak)
rCorr   .            f - +2 pair of gloves
SInv    .            (no boots)
Will    .....        e - amulet of regeneration
Stlth   ++           d - ring of positive energy
HPRegen 1.13/turn    m - +6 ring of strength
MPRegen 0.11/turn

%: no passive effects
@: lethally poisoned (-6 -> -8)
A: horns 2, retaliatory headbutt
a: Renounce Religion, Evoke Invisibility


You were on level 8 of the Dungeon.
You worshipped Okawaru.
Okawaru was noncommittal.
You visited 2 branches of the dungeon, and saw 9 of its levels.
You also visited: Sewer.

You collected 267 gold pieces.


Innate Abilities, Weirdness & Mutations

You have a pair of horns on your head.
You reflexively headbutt those who attack you in melee.


   Skills:
 - Level 8.0 Fighting
 + Level 12.7 Ranged Weapons
 - Level 1.2 Armour
 - Level 6.0 Dodging
 - Level 1.0 Spellcasting
 - Level 2.0 Hexes


You had 9 spell levels left.
You knew the following spells:

 Your Spells              Type           Power      Damage    Failure   Level
a - Slow                  Hex            16%        N/A       16%         1

Your spell library contained the following spells:

 Spells                   Type           Power      Damage    Failure   Level
 Inner Flame              Hex/Fire       2%         N/A       56%         3
 Portal Projectile        Hex/Tloc       4%         N/A       56%         3
 Cause Fear               Hex            2%         N/A       83%         4

Inventory:

Hand Weapons
 a - a +2 heavy arbalest (weapon)
Armour
 f - a +2 pair of gloves (worn)
 k - the +4 robe of the Furies (worn) {+Inv rN+ Str-5 Slay+2}
   (You found it on level 2 of the Dungeon)

   Str:       It affects your strength (-5).
   Slay:      It affects your accuracy & damage with ranged weapons and melee
   (+2).
   rN:        It protects you from negative energy.
   +Inv:      It lets you turn invisible.
Jewellery
 d - a ring of positive energy (left hand)
 e - an amulet of regeneration (around neck)
 h - a ring of fire
 m - a +6 ring of strength (right hand)
Wands
 b - a wand of digging (7)
Scrolls
 j - a scroll of identify
Potions
 c - 2 potions of mutation
 i - a potion of might {unknown}
 l - a potion of degeneration {unknown}

Dungeon Overview and Level Annotations

Branches:
Dungeon (8/15)             Temple (1/1) D:7           Sewer (visited)
   Lair: D:8-11

Altars:
Ashenzari
Cheibriados
Dithmenos
Elyvilon
Fedhas
Gozag
Hepliaklqana
Kikubaaqudgha
Makhleb
Nemelex Xobeh
Okawaru
Qazlal
Ru
Sif Muna
Trog
Uskayaw
Vehumet
Wu Jian
Xom
Yredelemnul
Zin
The Shining One

Shops:
D:2 ?   D:6 :

Annotations:
D:6 3 runed translucent doors, Eustachio; qw's ghost, amateur GrHs; qw's ghost, amateur MiHs; qw's ghost, novice MiHs; qw's ghost, novice NaHu


Message History

You feel extremely sick. The orc barely misses you. The orc misses you.
The orc completely misses you.
You shoot a bolt. The bolt hits the orc wizard!
The orc wizard is heavily wounded.
You feel very sick. The orc closely misses you. The orc misses you. x2
A death yak comes into view.
The orc barely misses you. The orc completely misses you.
You shoot a bolt. The bolt hits the orc wizard!!
You kill the orc wizard!
Okawaru accepts your kill.
The sentinel's mark upon you fades away.
You feel very sick. The orc closely misses you. The orc completely misses you.
The orc closely misses you. The orc barely misses you. You furiously retaliate!
You headbutt the orc!
You kill the orc!
Okawaru accepts your kill. The orc barely misses you.
The orc closely misses you.
You shoot a bolt. The bolt hits the death yak!!
The death yak is heavily wounded.
You feel sick.
You hear a bellow!
The orc hits you but does no damage.
You are more poisoned.
The orc misses you. The death yak gores you. The orc hits you with a +0 dagger.
The death yak gores you!! The orc misses you.
A death yak comes into view.
The death yak bellows!
You shoot a bolt. The bolt barely misses the death yak.
The bolt hits the death yak but does no damage.
You feel very sick. The orc completely misses you. The orc barely misses you.
The death yak gores you but does no damage.
The orc misses you. The death yak gores you! The orc barely misses you.
7505 ||| DRINKING potion of heal wounds.
You feel much better.
You feel sick.
The orc completely misses you. x2; The death yak gores you!!
The death yak gores you!
You die...

..# #......... ### .#
##......... ....#
#.......... ....#.
##.......... ......
##..#........ ......#
#...#.>...... .......##
##..##........
.......)####..###).......
.......)@##.).# #........
.......oYY#o.## .......
.......o..Yo.#
.............#
.........##...#
......)..###...#
...!....## ##...#
.......## #..# ..#...
##.#


You could see 2 death yaks, a yak and 3 orcs.

Vanquished Creatures
  Pikel (D:7)
  Prince Ribbit (D:7)
  Sigmund (D:6)
  2 yaks (D:7)
  A human (D:7)
  2 hogs (D:7)
  A water moccasin (D:6)
  Duvessa (D:7)
  A sky beast (D:8)
  An orc warrior (D:7)
  A black bear (D:5)
  A centaur (D:6)
  A lemure (D:7)
  2 phantoms
  2 kobold brigands
  A bullfrog (D:7)
  3 scorpions
  7 wights
  Dowan (D:7)
  2 hounds
  2 orc priests
  2 jellies
  A gnoll bouda (D:6)
  4 sleepcaps
  2 iguanas (D:5)
  4 orc wizards
  5 gnolls (D:6)
  3 river rats (Sewer)
  11 adders
  2 white imps
  An ufetubus (D:5)
  3 worms
  6 dart slugs
  19 orcs
  11 endoplasms
  2 giant cockroaches (D:1)
  6 hobgoblins
  7 jackals
  A quokka (D:3)
  12 ball pythons
  7 bats
  4 frilled lizards (D:1)
  9 goblins
  22 kobolds
  4 rats
183 creatures vanquished.

Notes
Turn   | Place    | Note
-------+----------+-------------------------------------------
     0 | D:1      | qw the Minotaur Hexslinger began the quest for the Orb.
     0 | D:1      | Reached XP level 1. HP: 16/16 MP: 1/1
     0 | D:1      | 0 ||| qw: Version: 0.3-a-52-g30416fa
     0 | D:1      | 0 ||| qw: Game counter: 7311
     0 | D:1      | 0 ||| qw: Melee chars always use a shield: true
     0 | D:1      | 0 ||| qw: God list: Okawaru
     0 | D:1      | 0 ||| qw: Allow faded altars: false
     0 | D:1      | 0 ||| qw: Do Orc after clearing Dungeon:15 true
     0 | D:1      | 0 ||| qw: Do second Lair branch before Depths: true
     0 | D:1      | 0 ||| qw: Lair rune preference: random
     0 | D:1      | 0 ||| qw: Goals: Normal
     0 | D:1      | 0 ||| PLANNING D:1-11
    41 | D:1      | Reached skill level 3 in Ranged Weapons
    41 | D:1      | Reached XP level 2. HP: 23/23 MP: 2/2
   156 | D:1      | HP: 6/24 [goblin/+0 dagger (4)]
   508 | D:1      | Reached XP level 3. HP: 29/29 MP: 3/3
   876 | D:1      | 876 ||| READING scroll labelled SEKKEQONTE.
   877 | D:1      | 877 ||| READING scroll labelled CASAAGOODGHE.
   881 | D:1      | 881 ||| READING scroll labelled OZEUQI LADUU.
   882 | D:1      | 882 ||| DROPPING scroll of poison.
   990 | D:2      | Reached skill level 4 in Ranged Weapons
  1058 | D:2      | Found Cadwaaz's Magic Scroll Boutique.
  1065 | D:2      | 1065 ||| SHOPLISTING scroll of enchant weapon (97 gold,
                  | have 23).
  1065 | D:2      | 1065 ||| SHOPLISTING scroll of identify (26 gold, have 23).
  1065 | D:2      | 1065 ||| SHOPLISTING scroll of teleportation (39 gold, have
                  | 23).
  1461 | D:2      | Found a hazy altar of Hepliaklqana.
  1570 | D:2      | Identified the +4 robe of the Furies {+Inv rN+ Str-5
                  | Slay+2}
  1610 | D:2      | Reached XP level 4. HP: 35/36 MP: 4/4
  1752 | D:2      | 1752 ||| UPGRADING to +0 leather armour.
  1762 | D:2      | 1762 ||| DROPPING +0 robe.
  1763 | D:2      | 1763 ||| UPGRADING to +4 robe of the Furies {+Inv rN+ Str-5
                  | Slay+2}.
  1773 | D:2      | 1773 ||| DROPPING +0 leather armour.
  1774 | D:2      | 1774 ||| READING scroll labelled REYP APSEWK.
  1775 | D:2      | 1775 ||| READING scroll labelled PIPNUM IKHUPS.
  1833 | D:2      | 1833 ||| READING 2 scrolls labelled UNOECUTTEN.
  1834 | D:2      | 1834 ||| READING scroll of enchant weapon.
  1834 | D:2      | 1834 ||| ENCHANTING +2 sling.
  1949 | D:3      | Identified the +2 leather armour of Xoathyc {Int+5}
  2048 | D:3      | Reached skill level 5 in Ranged Weapons
  2172 | D:3      | Reached skill level 3 in Fighting
  2172 | D:3      | Reached XP level 5. HP: 45/45 MP: 5/5
  2375 | D:3      | 2375 ||| DROPPING +2 leather armour of Xoathyc {Int+5}.
  2376 | D:3      | 2376 ||| READING scroll labelled VISIFOHYXY.
  2377 | D:3      | 2377 ||| DRINKING 2 bubbling yellow potions.
  2378 | D:3      | 2378 ||| DROPPING potion of brilliance.
  2411 | D:4      | 2411 ||| PLANNING SEWER
  2728 | D:4      | Found a glowing drain.
  2729 | D:4      | 2729 ||| DRINKING 2 murky red potions.
  2734 | Sewer    | Entered a sewer
  2738 | Sewer    | 2738 ||| Stepping ~*~*~tactically~*~*~ (water).
  2743 | Sewer    | 2743 ||| Stepping ~*~*~tactically~*~*~ (water).
  2776 | Sewer    | Reached skill level 6 in Ranged Weapons
  2825 | Sewer    | 2825 ||| Stepping ~*~*~tactically~*~*~ (water).
  2858 | Sewer    | Reached XP level 6. HP: 52/52 MP: 6/6
  2870 | Sewer    | 2870 ||| Stepping ~*~*~tactically~*~*~ (water).
  2896 | Sewer    | 2896 ||| READING scroll of enchant weapon.
  2896 | Sewer    | 2896 ||| ENCHANTING +3 sling.
  3077 | Sewer    | 3077 ||| READING 3 scrolls labelled RUOLIOR CIGOW.
  3078 | Sewer    | 3078 ||| READING scroll labelled BESCHE KOTUFA.
  3079 | Sewer    | 3079 ||| DROPPING 2 scrolls of summoning.
  3091 | D:4      | 3091 ||| PLANNING D:1-11
  3419 | D:5      | Entered Level 5 of the Dungeon
  3471 | D:5      | Reached skill level 7 in Ranged Weapons
  3471 | D:5      | Reached XP level 7. HP: 56/60 MP: 7/7
  3766 | D:5      | Reached skill level 8 in Ranged Weapons
  3909 | D:5      | 3909 ||| DRINKING potion of curing.
  3909 | D:5      | 3909 ||| (to cure confusion)
  3910 | D:5      | 3910 ||| FLEEEEING.
  3911 | D:5      | 3911 ||| FLEEEEING.
  3924 | D:5      | 3924 ||| FLEEEEING.
  3925 | D:5      | 3925 ||| FLEEEEING.
  3926 | D:5      | 3926 ||| FLEEEEING.
  3927 | D:5      | 3927 ||| FLEEEEING.
  3980 | D:5      | Reached skill level 3 in Dodging
  4159 | D:5      | 4159 ||| READING scroll labelled LUDDOXECR ZOAW.
  4160 | D:5      | 4160 ||| DRINKING 2 bubbling black potions.
  4213 | D:5      | 4213 ||| READING 4 scrolls of identify.
  4213 | D:5      | 4213 ||| IDENTIFYING fizzy inky potion
  4214 | D:5      | 4214 ||| READING 3 scrolls of identify.
  4214 | D:5      | 4214 ||| IDENTIFYING bubbling puce potion
  4215 | D:5      | 4215 ||| READING 2 scrolls of identify.
  4215 | D:5      | 4215 ||| IDENTIFYING orange potion
  4216 | D:5      | 4216 ||| DROPPING potion of magic.
  4217 | D:5      | 4217 ||| DROPPING potion of lignification.
  4218 | D:5      | 4218 ||| DROPPING potion of berserk rage.
  4274 | D:6      | Found a runed translucent gate.
  4274 | D:6      | Found a runed translucent gate.
  4274 | D:6      | Found a runed translucent gate.
  4281 | D:6      | Noticed qw's ghost (novice MiHs)
  4282 | D:6      | Noticed qw's ghost (amateur GrHs)
  4282 | D:6      | Noticed qw's ghost (novice MiHs)
  4283 | D:6      | Noticed qw's ghost (novice NaHu)
  4283 | D:6      | Noticed qw's ghost (amateur MiHs)
  4285 | D:6      | 4285 ||| Stepping ~*~*~tactically~*~*~ (outnumbered).
  4500 | D:6      | Reached skill level 9 in Ranged Weapons
  4500 | D:6      | Reached XP level 8. HP: 58/68 MP: 8/8
  4562 | D:6      | Found Xatzo's Book Boutique.
  4748 | D:6      | 4748 ||| FLEEEEING.
  4753 | D:6      | 4753 ||| FLEEEEING.
  4754 | D:6      | 4754 ||| FLEEEEING.
  4755 | D:6      | 4755 ||| FLEEEEING.
  4756 | D:6      | 4756 ||| FLEEEEING.
  4757 | D:6      | 4757 ||| FLEEEEING.
  4758 | D:6      | 4758 ||| FLEEEEING.
  4759 | D:6      | 4759 ||| FLEEEEING.
  4764 | D:6      | 4764 ||| FLEEEEING.
  4766 | D:6      | 4766 ||| FLEEEEING.
  4768 | D:6      | 4768 ||| FLEEEEING.
  4769 | D:6      | 4769 ||| FLEEEEING.
  4770 | D:6      | 4770 ||| STAIRDANCE
  4820 | D:5      | 4820 ||| READING scroll labelled BEEROSHRORGH.
  4821 | D:5      | 4821 ||| READING 2 scrolls labelled CETZAG FYGAGHUELE.
  4821 | D:5      | Identified 2 scrolls of acquirement
  4821 | D:5      | 4821 ||| ACQUIRING +2 heavy arbalest
  4821 | D:5      | Acquired a +2 heavy arbalest
  4823 | D:5      | 4823 ||| SWAPPING to +2 heavy arbalest.
  4824 | D:5      | 4824 ||| DROPPING +4 sling.
  4825 | D:5      | 4825 ||| READING scroll of acquirement.
  4825 | D:5      | 4825 ||| ACQUIRING ring of positive energy
  4825 | D:5      | Acquired a ring of positive energy
  4827 | D:5      | 4827 ||| UPGRADING to ring of positive energy.
  4832 | D:6      | 4832 ||| STAIRDANCE
  4836 | D:5      | HP: 12/69 [ice beast (6)]
  4837 | D:5      | 4837 ||| READING 3 scrolls of teleportation.
  5187 | D:6      | Noticed Eustachio
  5191 | D:6      | Noticed Sigmund
  5193 | D:6      | 5193 ||| Stepping ~*~*~tactically~*~*~ (outnumbered).
  5195 | D:6      | 5195 ||| DRINKING potion of curing.
  5195 | D:6      | 5195 ||| (to cure confusion)
  5198 | D:6      | Reached skill level 6 in Fighting
  5205 | D:6      | Killed Sigmund
  5206 | D:6      | 5206 ||| FLEEEEING.
  5210 | D:6      | 5210 ||| FLEEEEING.
  5211 | D:6      | 5211 ||| FLEEEEING.
  5212 | D:6      | 5212 ||| FLEEEEING.
  5213 | D:6      | 5213 ||| FLEEEEING.
  5214 | D:6      | 5214 ||| FLEEEEING.
  5215 | D:6      | 5215 ||| FLEEEEING.
  5216 | D:6      | 5216 ||| FLEEEEING.
  5216 | D:6      | HP: 11/70 [something/puff of flame (12)]
  5217 | D:6      | 5217 ||| FLEEEEING.
  5218 | D:6      | 5218 ||| FLEEEEING.
  5219 | D:6      | 5219 ||| FLEEEEING.
  5220 | D:6      | 5220 ||| FLEEEEING.
  5221 | D:6      | 5221 ||| FLEEEEING.
  5222 | D:6      | 5222 ||| FLEEEEING.
  5223 | D:6      | 5223 ||| READING 2 scrolls of teleportation.
  5223 | D:6      | HP: 10/70 [something/puff of flame (3)]
  5224 | D:6      | 5224 ||| FLEEEEING.
  5225 | D:6      | 5225 ||| FLEEEEING.
  5226 | D:6      | 5226 ||| FLEEEEING.
  5227 | D:6      | 5227 ||| FLEEEEING.
  5479 | D:6      | Reached skill level 10 in Ranged Weapons
  5695 | D:7      | Found a blossoming altar of Fedhas.
  5695 | D:7      | Noticed Dowan
  5698 | D:7      | Killed Dowan
  5705 | D:7      | Noticed Duvessa
  5708 | D:7      | Killed Duvessa
  5711 | D:7      | Noticed Prince Ribbit
  5730 | D:7      | Killed Prince Ribbit
  5836 | D:7      | Reached XP level 9. HP: 69/79 MP: 9/9
  5838 | D:7      | HP: 18/79 [hog (9)]
  5839 | D:7      | 5839 ||| READING scroll of teleportation.
  6059 | D:7      | Reached skill level 11 in Ranged Weapons
  6144 | D:7      | 6144 ||| Stepping ~*~*~tactically~*~*~ (outnumbered).
  6214 | D:7      | Noticed Pikel
  6221 | D:7      | Killed Pikel
  6222 | D:7      | Reached skill level 12 in Ranged Weapons
  6332 | D:7      | Found a staircase to the Ecumenical Temple.
  6333 | D:7      | 6333 ||| PLANNING TEMPLE
  6333 | D:7      | 6333 ||| UPGRADING to +2 pair of gloves.
  6338 | D:7      | 6338 ||| UPGRADING to amulet of regeneration.
  6343 | D:7      | 6343 ||| UPGRADING to +6 ring of strength.
  6352 | Temple   | Entered the Ecumenical Temple
  6353 | Temple   | 6353 ||| PLANNING OKAWARU WORSHIP
  7119 | Temple   | Became a worshipper of Warmaster Okawaru
  7120 | Temple   | 7120 ||| PLANNING D:1-11
  7192 | D:7      | Reached skill level 1 in Armour
  7203 | D:7      | Reached skill level 6 in Dodging
  7443 | D:7      | 7443 ||| READING scroll labelled DASTRI YNUOTA.
  7444 | D:7      | 7444 ||| READING 2 scrolls of identify.
  7444 | D:7      | 7444 ||| IDENTIFYING fizzy brown potion
  7495 | D:8      | 7495 ||| FLEEEEING.
  7501 | D:8      | Noticed a death yak
  7503 | D:8      | Noticed a death yak
  7504 | D:8      | HP: 19/81 [poisoned by an orc]
  7504 | D:8      | HP: 3/81 [death yak (16)]
  7505 | D:8      | 7505 ||| DRINKING potion of heal wounds.
  7505 | D:8      | Mangled by a death yak

Levels and vault maps discovered:
D:1:      lightli_arrival_windingriver, layout_loops_ring,
          chequers_serial_rivers_room_b, minmay_liquid_box, minmay_cupped
D:2:      minmay_kobold_bridge, layout_loops_corners, basic_altar, serial_shops,
          shop
D:3:      layout_rooms, minmay_bisected
D:4:      layout_gridville, portal_sewer_entry_e, nrook_mini_vaults
D:5:      layout_loops_cross, kennysheep_generic_room_11
D:6:      minmay_skewed_foursquare, layout_rooms, serial_shops, shop,
          gammafunk_ghost_cemetery, uniq_sigmund, uniq_eustachio
D:7:      layout_basic, mainiacjoe_overflow_cross_hatched,
          minmay_temple_entry_purple_smoke, dk_vineyard_3, grunt_livestock,
          uniq_duvessa, uniq_pikel, uniq_prince_ribbit1
D:8:      layout_cave_pods, dpeg_lair_monsters, serial_shops, shop
Temple:   compressed_dpeg_triangle_lava_temple

Skill      XL: |  1  2  3  4  5  6  7  8  9 |
---------------+----------------------------+-----
Ranged Weapons | 3 4 5 6 7 9 10 12 | 12.7
Fighting       | 2 3 4 5 7 8 |  8.0
Dodging        | 3 4 6 |  6.0
Armour         | 1 |  1.2
Spellcasting   | |  1.0
Hexes          | |  2.0

Action                     |  1- 3 |  4- 6 |  7- 9 || total
---------------------------+-------+-------+-------++-------
   Fire: Sling             |   132 |   160 |   107 ||   399
         Arbalest          |       |       |   124 ||   124
    Use: Scroll            |     3 |     8 |    12 ||    23
         Potion            |       |     2 |     4 ||     6
 Armour: Robe              |    11 |    13 |    37 ||    61
  Dodge: Dodged            |    31 |    18 |   112 ||   161

Table legend:
 A = Non-vault XP
 B = Vault XP
 C = Vault XP percentage of total XP
 D = Non-vault monster count
 E = Vault monster count
 F = Vault count percentage of total count
                 A         B        C        D         E       F
            +---------+---------+-------+---------+---------+-------
      Total |    2684 |    2746 |  50.6 |     138 |      44 |  24.2
            +---------+---------+-------+---------+---------+-------
        D:1 |      50 |       5 |   9.1 |      28 |       3 |   9.7
        D:2 |      40 |       5 |  11.1 |      15 |       4 |  21.1
        D:3 |     158 |       5 |   3.1 |      28 |       2 |   6.7
        D:4 |     109 |       0 |   0.0 |      11 |       0 |   0.0
        D:5 |     481 |      80 |  14.3 |      12 |       2 |  14.3
        D:6 |     735 |     335 |  31.3 |      17 |       5 |  22.7
        D:7 |     643 |    2132 |  76.8 |      17 |       9 |  34.6
        D:8 |     468 |       0 |   0.0 |      10 |       0 |   0.0
      Sewer |       0 |     184 | 100.0 |       0 |      19 | 100.0
            +---------+---------+-------+---------+---------+-------
